 Dungeon Crawl Stone Soup version 0.29-a0-1039-gfc20370e89 (webtiles) character file.

Game seed: 2075248640707047633

83 BritishOli the Trooper (level 4, -4/36 HPs)
             Began as a Demonspawn Fighter on Aug 15, 2022.
             Slain by Crazy Yiuf
             ... wielding a +3 quarterstaff of chaos
              (11 damage)
             ... on level 2 of the Dungeon.
             The game lasted 00:01:41 (2559 turns).

BritishOli the Trooper (Demonspawn Fighter)         Turns: 2559, Time: 00:01:42

Health: -4/36      AC:  6    Str: 18    XL:     4   Next: 22%
Magic:  4/4        EV:  9    Int: 10    God:
Gold:   54         SH:  4    Dex: 12    Spells: 3/3 levels left

rFire   . . .      SeeInvis .   a - +0 long sword
rCold   . . .      Faith    .   c - +0 buckler
rNeg    . . .      Spirit   .   b - +0 scale mail
rPois   .          Reflect  .   (no helmet)
rElec   .          Harm     .   (no cloak)
rCorr   .          Rampage  .   (no gloves)
Will    .....                   (no boots)
Stlth   ..........              i - amulet of the acrobat
HPRegen 0.12/turn               (no ring)
MPRegen 0.09/turn               (no ring)

@: no status effects
A: ignite blood 1
a: no special abilities


You were on level 2 of the Dungeon.
You visited 1 branch of the dungeon, and saw 2 of its levels.

You collected 54 gold pieces.

Inventory:

Hand Weapons
 a - a +0 long sword (weapon)
Missiles
 q - 4 silver boomerangs (quivered)
Armour
 b - a +0 scale mail (worn)
 c - a +0 buckler (worn)
Jewellery
 i - an amulet of the acrobat (around neck)
Scrolls
 f - 2 scrolls of noise {unknown}
 g - a scroll of fear {unknown}
 h - 3 scrolls of identify {unknown}
 j - a scroll of torment {unknown}
 k - 2 scrolls of amnesia {unknown}
 r - a scroll of teleportation {unknown}
Potions
 d - a potion of might
 e - a potion of brilliance {unknown}
 l - a potion of haste {unknown}
 m - a potion of berserk rage {unknown}
 n - 2 potions of curing {unknown}
 o - a potion of degeneration {unknown}
 p - a potion of lignification {unknown}


   Skills:
 + Level 3.6 Fighting
 + Level 2.5 Long Blades
 + Level 3.2 Armour
 + Level 3.2 Shields


You had 3 spell levels left.
You didn't know any spells.
Your spell library contained the following spells:

 Spells                   Type           Power      Damage    Failure   Level
 Ozocubu's Armour         Ice            0%         N/A       99%         3
 Ozocubu's Refrigeration  Ice            0%         4d7       100%        7


Dungeon Overview and Level Annotations

Branches:
Dungeon (2/15)

Altars:

Annotations:
D:2 Crazy Yiuf


Innate Abilities, Weirdness & Mutations

Your demonic aura sometimes causes spilled blood to erupt in flames.


Message History

No target in view!
Things that are here:
a +0 dagger; 3 poisoned darts You see here a +0 dagger.
You see here a +0 dagger.
Key pressed, stopping explore.
No target in view!
Could not explore, unopened runed door.
No reachable target in view!
No reachable target in view!
No reachable target in view!
You open the door. You hit Crazy Yiuf.
Crazy Yiuf is lightly wounded.
Crazy Yiuf whimpers, "East ragdoll sing!"
Crazy Yiuf closely misses you.
You hit Crazy Yiuf but do no damage.
Crazy Yiuf is lightly wounded.
Crazy Yiuf closely misses you.
You hit Crazy Yiuf but do no damage.
Crazy Yiuf is lightly wounded.
You block Crazy Yiuf's attack.
You hit Crazy Yiuf.
Crazy Yiuf is heavily wounded.
Crazy Yiuf hits you with a +3 quarterstaff of chaos! x2
Crazy Yiuf freezes you!
* * * LOW HITPOINT WARNING * * *
You closely miss Crazy Yiuf.
Crazy Yiuf is heavily wounded.
Crazy Yiuf hits you but does no damage.
You hit Crazy Yiuf.
Crazy Yiuf is severely wounded.
Crazy Yiuf yells, "Candle Orb Guardian ladder!"
Crazy Yiuf closely misses you.
You hit Crazy Yiuf.
Crazy Yiuf is almost dead.
Crazy Yiuf says, "Millenium senile Hive!"
Crazy Yiuf closely misses you.
Crazy Yiuf hits you with a +3 quarterstaff of chaos!
You die...

#.# #.# #.####
#.# #.# #.....
#.# #.#####...
#.# #....##...
#.# #.##.##...
#.# #.##.##...
#.##### ###
#.##.##...
#.....## ###..)#
####.##...
#[.....####@g...#
####.##...
##......#..##...#
#....#####
##....#.### ###
###### ########
## #. ### #.
#.########.
#..........
##########.


You could see Crazy Yiuf.

Vanquished Creatures
  Robin (D:2)
  2 adders (D:2)
  A dart slug (D:1)
  4 ball pythons
  4 endoplasms
  2 giant cockroaches (D:2)
  16 goblins
  3 hobgoblins
  4 kobolds
  3 quokkas
  3 bats
  A frilled lizard (D:1)
  2 rats
46 creatures vanquished.

Notes
Turn   | Place    | Note
-------+----------+-------------------------------------------
     0 | D:1      | BritishOli the Demonspawn Fighter began the quest for the
                  | Orb.
     0 | D:1      | Reached XP level 1. HP: 18/18 MP: 1/1
   365 | D:1      | Gained mutation: Your demonic aura sometimes causes spilled
                  | blood to erupt in flames. [demonic ancestry]
   365 | D:1      | Reached XP level 2. HP: 24/24 MP: 2/2
   945 | D:1      | Found a faded altar of an unknown god.
  1159 | D:2      | Noticed Robin
  1361 | D:2      | Reached XP level 3. HP: 29/29 MP: 3/3
  1366 | D:2      | Killed Robin
  1940 | D:2      | Reached XP level 4. HP: 35/35 MP: 4/4
  2369 | D:2      | Found a runed translucent door.
  2370 | D:2      | Noticed Crazy Yiuf
  2559 | D:2      | Slain by Crazy Yiuf

Illustrated notes

Levels and vault maps discovered:
D:1:      minmay_arrival_semitransparent, layout_loops_ring,
          hellmonk_ecumenical_altar_leap_of_faith
D:2:      layout_loops_cross, uniq_robin, uniq_crazy_yiuf_cottage

Skill      XL: |  1  2 |
---------------+-------+-----
Long Blades    | 2 |  2.5
Armour         | 3 |  3.2
Shields        | 3 |  3.2
Fighting       | |  3.6

Action                   |  1- 3 |  4- 6 || total
-------------------------+-------+-------++-------
Melee: Long sword        |   143 |    39 ||   182
Armor: Scale mail        |    54 |     9 ||    63
Dodge: Dodged            |    58 |    24 ||    82
Block: Buckler           |    29 |    16 ||    45

Table legend: (Time is in decaauts)
 A = Elapsed time spent in this place.
 B = Non-inter-level travel time spent in this place.
 C = Inter-level travel time spent in this place.
 D = Time resting spent in this place.
 E = Time spent auto-exploring this place.
 F = Levels seen in this place.
 G = Mean time per level.
                   A        B        C        D        E       F      G
               +--------+--------+--------+--------+--------+-----+--------+
         Total |   2618 |   2599 |     19 |    357 |   1843 |   2 | 1309.0 |
       Dungeon |   2618 |   2599 |     19 |    357 |   1843 |   2 | 1309.0 |
               +--------+--------+--------+--------+--------+-----+--------+

Top non-repeatable levels by time:
     D:1: 1335 daAuts
     D:2: 1282 daAuts
